 Dungeon Crawl Stone Soup version 0.30-a0-879-ga8ba668304 (webtiles) character file.

Game seed: 1737869250032816512

129 Gerhazo the Ducker (level 5, -4/35 HPs)
             Began as a Djinni Hedge Wizard on Mar 13, 2023.
             Slain by an ogre
             ... wielding a +0 giant club
              (33 damage)
             ... on level 4 of the Dungeon.
             The game lasted 00:03:31 (2273 turns).

Gerhazo the Ducker (Djinni Hedge Wizard)            Turns: 2273, Time: 00:03:32

Health: -4/35      AC:  2    Str: 15    XL:     5   Next: 35%
Gold:   71         EV: 13    Int: 18    God:
                   SH:  0    Dex: 17

rFire   + + .      SeeInvis .    m - +1 short sword (venom)
rCold   x . .      Faith    .    (no shield)
rNeg    . . .      Spirit   .    b - +0 robe
rPois   ∞          Reflect  .    c - +0 hat
rElec   .          Rampage  .    (no cloak)
rCorr   .                        (no gloves)
Will    +....                    (boots unavailable)
Stlth   +++                      (no amulet)
HPRegen 0.25/turn                o - ring of willpower
MPRegen 0.00/turn                p - ring of Fun {Str+6 Dex+5 Slay+2 Stlth+}

@: flying
A: sickness immunity, fire resistance 2, cold vulnerability 1, float, innate
caster, HP casting, extra vitality 1
a: no special abilities


You were on level 4 of the Dungeon.
You visited 1 branch of the dungeon, and saw 4 of its levels.

You collected 71 gold pieces.

Inventory:

Hand Weapons
 a - a +0 dagger
 m - a +1 short sword of venom (weapon)
Armour
 b - a +0 robe (worn)
 c - a +0 hat (worn)
Jewellery
 o - a ring of willpower (left hand)
 p - the ring of Fun (right hand) {Str+6 Dex+5 Slay+2 Stlth+}
   (You found it on level 3 of the Dungeon)

   [ring of strength]

   Str:       It affects your strength (+6).
   Dex:       It affects your dexterity (+5).
   Slay:      It affects your accuracy & damage with ranged weapons and melee
   (+2).
   Stlth:     It makes you more stealthy.
Scrolls
 e - a scroll of enchant weapon {unknown}
 h - a scroll of teleportation {unknown}
 j - 3 scrolls of identify {unknown}
 k - a scroll of immolation {unknown}
 l - 2 scrolls of butterflies {unknown}
Potions
 d - a potion of lignification {unknown}
 f - a potion of brilliance
 g - 2 potions of haste {unknown}
 i - a potion of flight {unknown}
 n - a potion of cancellation {unknown}
 q - 2 potions of magic {unknown}


   Skills:
 + Level 3.6 Dodging
 + Level 2.9 Stealth
 + Level 3.2 Spellcasting


You knew the following spells:

 Your Spells              Type           Power      Damage    Failure   Level
a - Magic Dart            Conj           56%        1d5       4%          1
b - Slow                  Hex            56%        N/A       4%          1
c - Blink                 Tloc           28%        N/A       6%          2
d - Call Imp              Summ           14%        N/A       6%          2
e - Mephitic Cloud        Conj/Pois/Air  14%        N/A       13%         3
f - Necrotise             Necr           56%        1d6       4%          1
g - Ensorcelled Hibernat  Hex/Ice        28%        N/A       6%          2
Your spell library was empty.

Dungeon Overview and Level Annotations

Branches:
Dungeon (4/15)
 Temple: D:4-7

Altars:
Nemelex Xobeh


Innate Abilities, Weirdness & Mutations

You are immune to sickness and miasma.
You are immune to poison.
Your flesh is very heat resistant. (rF++)
You are vulnerable to cold. (rC-)
You float through the air rather than walking.
You learn spells naturally, not from books.
Your magical power is your life essence.
You have superior vitality. (+4 MHP)


Message History

Aim: an ogre, wielding a +0 giant club (asleep, ally target) Attack!
Unknown command.
Casting: Ensorcelled Hibernation (safe; 6% risk of failure)
Confirm with . or Enter, or press ? or * to list all spells.
Aiming: Necrotise (safe; 4% risk of failure)
Press: ? - help, Shift-Dir - straight line, f/p - ogre
Aim: an ogre, wielding a +0 giant club (asleep, ally target, chance to affect: 71%)
The ogre shouts!
The ogre struggles to resist.
You hear a shout!
Casting: Necrotise (safe; 4% risk of failure)
Confirm with . or Enter, or press ? or * to list all spells.
Aiming: Necrotise (safe; 4% risk of failure)
Press: ? - help, Shift-Dir - straight line, f/p - ogre
Aim: an ogre, wielding a +0 giant club (ally target, chance to affect: 71%)
The ogre writhes in agony.
Unknown command.
Your iron imp barely misses the ogre.
Casting: Necrotise (safe; 4% risk of failure)
Confirm with . or Enter, or press ? or * to list all spells.
Okay, then.
Casting: Necrotise (safe; 4% risk of failure)
Confirm with . or Enter, or press ? or * to list all spells.
The spell is quite dangerous to miscast (13% risk of failure)!
Continue anyway?
Aiming: Mephitic Cloud (quite dangerous; 13% risk of failure)
Press: ? - help, Shift-Dir - straight line, f/p - ogre
Aim: an ogre, wielding a +0 giant club (lightly wounded, ally target, chance to affect: 77%)
The ball explodes into a vile cloud!
The stinking cloud engulfs the ogre but does no damage.
The ogre is lightly wounded.
You hear an angry hiss.
A goblin comes into view. It is wielding a +0 dagger.
The ogre is engulfed in noxious fumes.
A goblin comes into view. It is wielding a +0 dagger.
Unknown command.
An endoplasm comes into view.
The ogre hits you with a +0 giant club!!
Ouch! That really hurt!
You die...

#.# #.# #.#####
#.##.. ##.##.#
..#####..##.####.#
.......#.........#
#......######†.
#####<.@.......
#.O...####.
#..##J# #.5# .#
#.○# . #..# ..
#..# .. ?gg# .#.
#..##


You could see an ogre (ally target), an endoplasm (wandering), 2 goblins and a
friendly iron imp (summoned).

Vanquished Creatures
  2 adders
  A dart slug (D:2)
  3 endoplasms
  4 giant cockroaches
  3 goblins
  5 hobgoblins
  2 jackals (D:2)
  4 kobolds
  2 quokkas (D:2)
  7 ball pythons
  5 bats
  2 frilled lizards
  5 rats
45 creatures vanquished.

Vanquished Creatures (collateral kills)
  A scorpion (D:4)
  A dart slug (D:2)
  A hobgoblin (D:2)
  A jackal (D:2)
4 creatures vanquished.

Grand Total: 49 creatures vanquished

Notes
Turn   | Place    | Note
-------+----------+-------------------------------------------
     0 | D:1      | Gerhazo the Djinni Hedge Wizard began the quest for the
                  | Orb.
     0 | D:1      | Gerhazo set off with the following spells memorised: Magic
                  | Dart, Slow, Blink, Call Imp, Mephitic Cloud.
     0 | D:1      | Reached XP level 1. HP: 15/15 MP: 0/0
     9 | D:1      | You are sucked into a shaft and drop 1 floor!
   246 | D:1      | Reached XP level 2. HP: 16/21 MP: 0/0
   793 | D:1      | Reached XP level 3. HP: 24/25 MP: 0/0
   793 | D:1      | Learned a level 1 spell: Necrotise
   803 | D:1      | Found a faded altar of an unknown god.
  1296 | D:2      | HP: 1/25 [jackal (1)]
  1425 | D:2      | Found a sparkling altar of Nemelex Xobeh.
  1783 | D:2      | Reached XP level 4. HP: 26/31 MP: 0/0
  2028 | D:3      | Identified the ring of Fun {Str+6 Dex+5 Slay+2 Stlth+}
  2142 | D:4      | Noticed an ogre
  2144 | D:4      | Noticed a scorpion
  2260 | D:4      | Killed a scorpion
  2261 | D:4      | Reached XP level 5. HP: 35/35 MP: 0/0
  2261 | D:4      | Learned a level 2 spell: Ensorcelled Hibernation
  2273 | D:4      | Slain by an ogre

Illustrated notes

Levels and vault maps discovered:
D:1:      noname_arrival_rooms_in_the_neighbourhood, layout_basic,
          ebering_ecumenical_altar_petrified, serial_rivers,
          chequers_serial_rivers_large_a, chequers_serial_rivers_room_a,
          chequers_serial_rivers_small_a, chequers_serial_rivers_room_a,
          chequers_serial_rivers_small_b, chequers_serial_rivers_marsh,
          chequers_serial_rivers_small_b
D:2:      layout_loops_ring, serial_forest, infiniplex_forest_zigzag_1,
          infiniplex_forest_lined_4_way, infiniplex_forest_lined_room_2,
          infiniplex_forest_split, infiniplex_forest_lined_2,
          infiniplex_forest_straight_4, infiniplex_forest_3_way, basic_altar
D:3:      layout_basic, gammafunk_ghost_stat_death, grunt_ministairs_2
D:4:      layout_loops_ring, grunt_temple_overflow_holy_war,
          minmay_temple_entry_sparse_star

Skill      XL: |  1  2  3  4 |
---------------+-------------+-----
Stealth        | 2 |  2.9
Dodging        | 3 |  3.6
Spellcasting   | 3 |  3.2

Action                     |  1- 3 |  4- 6 || total
---------------------------+-------+-------++-------
  Melee: Short sword       |     1 |       ||     1
   Cast: Magic Dart        |    89 |    27 ||   116
         Necrotise         |     7 |     3 ||    10
         Call Imp          |     2 |     4 ||     6
         Blink             |     1 |       ||     1
         Mephitic Cloud    |       |     1 ||     1
         Ensorcelled Hiber |       |     1 ||     1
    Use: Potion            |     3 |       ||     3
 Armour: Robe              |    10 |       ||    10
  Dodge: Dodged            |    43 |     1 ||    44

Table legend: (Time is in decaauts)
 A = Elapsed time spent in this place.
 B = Non-inter-level travel time spent in this place.
 C = Inter-level travel time spent in this place.
 D = Time resting spent in this place.
 E = Time spent auto-exploring this place.
 F = Levels seen in this place.
 G = Mean time per level.
                   A        B        C        D        E       F      G
               +--------+--------+--------+--------+--------+-----+--------+
         Total |   2270 |   2224 |     46 |    201 |   1695 |   4 |  567.5 |
       Dungeon |   2270 |   2224 |     46 |    201 |   1695 |   4 |  567.5 |
               +--------+--------+--------+--------+--------+-----+--------+

Top non-repeatable levels by time:
     D:1: 1092 daAuts
     D:2: 860 daAuts
     D:3: 176 daAuts
     D:4: 141 daAuts
